 Seeded DCSS version 0.30-a0-374-g95c0257 (webtiles) character file.

Game seed: 2627912712075222837 (custom seed)

4 Geeful the Magician (level 1, 0/13 HPs)
             Began as a Mummy Earth Elementalist on Nov 26, 2022.
             Slain by a goblin
             ... wielding a +1 dagger of protection
              (3 damage)
             ... on level 1 of the Dungeon.
             The game lasted 00:03:58 (394 turns).

Geeful the Magician (Mummy Earth Elementalist)       Turns: 394, Time: 00:03:59

Health: 0/13       AC:  2    Str: 11    XL:     1   Next: 58%
Magic:  0/4        EV: 12    Int: 14    God:
Gold:   42         SH:  0    Dex: 12    Spells: 5/6 levels left

rFire   x . .      SeeInvis .    b - +0 short sword
rCold   + . .      Faith    +    (no shield)
rNeg    + + +      Spirit   .    a - +0 robe
rPois   ∞          Reflect  .    (no helmet)
rElec   .          Harm     .    (no cloak)
rCorr   .          Rampage  .    (no gloves)
Will    .....                    (no boots)
Stlth   ++........               (no amulet)
HPRegen 0.22/turn                (no ring)
MPRegen 0.09/turn                (no ring)

@: no status effects
A: cold resistance 1, negative energy resistance 3, torment resistance 2, heat
vulnerability 1, no potions, faith
a: no special abilities


You were on level 1 of the Dungeon.
You visited 1 branch of the dungeon, and saw 1 of its levels.

You collected 42 gold pieces.

Inventory:

Hand Weapons
 b - a +0 short sword (weapon)
Missiles
 d - 9 stones
Armour
 a - a +0 robe (worn)


   Skills:
 + Level 1.8 Dodging
 - Level 1.5 Stealth
 + Level 3.0 Spellcasting
 - Level 0.7 Transmutations
 - Level 2.4 Earth Magic


You had 5 spell levels left.
You knew the following spells:

 Your Spells              Type           Power      Damage    Failure   Level
a - Sandblast             Erth           16%        2d6       9%          1

Your spell library contained the following spells:

 Spells                   Type           Power      Damage    Failure   Level
 Passwall                 Tmut/Erth      5%         N/A       17%         2
 Stone Arrow              Conj/Erth      10%        3d7       36%         3
 Petrify                  Tmut/Erth      6%         N/A       75%         4


Dungeon Overview and Level Annotations

Branches:
Dungeon (1/15)

Altars:


Innate Abilities, Weirdness & Mutations

You are immune to poison.
Your flesh is cold resistant. (rC+)
You are immune to negative energy. (rN+++)
You are immune to unholy pain and torment.
You are vulnerable to heat. (rF-)
You do not drink.
You have a special connection with the divine. (Faith)


Message History

The goblin is moderately wounded.
The goblin hits you with a +1 dagger of protection.
Casting: Sandblast (safe; 9% risk of failure)
Confirm with . or Enter, or press ? or * to list all spells.
Aiming: Sandblast (safe; 9% risk of failure)
Press: ? - help, Shift-Dir - straight line, f/p - goblin
Aim: a goblin, wielding a +1 dagger of protection (moderately wounded, 76% to hit)
The blast of sand hits the goblin but does no damage.
The goblin is moderately wounded.
The goblin hits you with a +1 dagger of protection.
The goblin completely misses you.
Casting: Sandblast (safe; 9% risk of failure)
Confirm with . or Enter, or press ? or * to list all spells.
Aiming: Sandblast (safe; 9% risk of failure)
Press: ? - help, Shift-Dir - straight line, f/p - goblin
Aim: a goblin, wielding a +1 dagger of protection (moderately wounded, 76% to hit)
The blast of sand hits the goblin but does no damage.
The goblin is moderately wounded.
The goblin hits you with a +1 dagger of protection.
Sorry, you're not good enough to have a special ability.
The goblin attacks as you move away!
The goblin hits you with a +1 dagger of protection.
As you read the scroll labelled DESYUR VIJA, it crumbles to dust.
You hear a loud clanging noise!
It was a scroll of noise.
You hear an angry hiss.
The goblin hits you with a +1 dagger of protection.
Casting: Sandblast (safe; 9% risk of failure)
Confirm with . or Enter, or press ? or * to list all spells.
Aiming: Sandblast (safe; 9% risk of failure)
Press: ? - help, Shift-Dir - straight line, f/p - goblin
Aim: a goblin, wielding a +1 dagger of protection (moderately wounded, 76% to hit)
The blast of sand hits the goblin but does no damage.
The goblin is moderately wounded.
The goblin hits you with a +1 dagger of protection. x2
* * * LOW HITPOINT WARNING * * *
Sorry, you're not good enough to have a special ability.
The goblin attacks as you move away!
The goblin hits you with a +1 dagger of protection.
You die...

#.#..# #.#..####
#.##....######## #
#.##.##........# #
#.#####..##.# ## #.#
#..##.# #. #.# #.....#
#. #.# #.##..######
####. #..
#@##.......###.... ###
#g##.......#......
#.##.......'†.....
#.##.....>.##.....
#.##.......##.!...
#.##....)..##.....
#.##.......##.....
........##...^...##.....
##########.......#######


You could see a goblin.

Vanquished Creatures
  A goblin (D:1)
  A ball python (D:1)
  A bat (D:1)
  2 kobolds (D:1)
5 creatures vanquished.

Notes
Turn   | Place    | Note
-------+----------+-------------------------------------------
     0 | D:1      | Geeful the Mummy Earth Elementalist began the quest for the
                  | Orb.
     0 | D:1      | Reached XP level 1. HP: 13/13 MP: 4/4
   266 | D:1      | Reached skill level 3 in Spellcasting
   394 | D:1      | Slain by a goblin

Illustrated notes

Levels and vault maps discovered:
D:1:      amcnicky_arrival_feature_with_door, layout_basic

Skill      XL: |  1 |
---------------+----+-----
Spellcasting   | 3 |  3.0
Dodging        | |  1.8
Stealth        | |  1.5
Transmutations | |  0.7
Earth Magic    | |  2.4

Action                   || total
-------------------------++-------
Melee: Short sword       ||     3
 Cast: Sandblast         ||    13
  Use: Scroll            ||     1
Armor: Robe              ||     1
Dodge: Dodged            ||     2

Table legend: (Time is in decaauts)
 A = Elapsed time spent in this place.
 B = Non-inter-level travel time spent in this place.
 C = Inter-level travel time spent in this place.
 D = Time resting spent in this place.
 E = Time spent auto-exploring this place.
 F = Levels seen in this place.
 G = Mean time per level.
                   A        B        C        D        E       F      G
               +--------+--------+--------+--------+--------+-----+--------+
         Total |    400 |    400 |      0 |      9 |    312 |   1 |  400.0 |
       Dungeon |    400 |    400 |      0 |      9 |    312 |   1 |  400.0 |
               +--------+--------+--------+--------+--------+-----+--------+

Top non-repeatable levels by time:
     D:1: 400 daAuts
